 Dungeon Crawl Stone Soup version 0.23.2-40-g277498a001 (webtiles) character file.

Game seed: 2073703942197095422

17896 Htamos the Thaumaturge (level 12, -1/67 HPs)
             Began as a Vine Stalker Fighter on Aug 25, 2019.
             Was a High Priest of Makhleb.
             Slain by a tengu warrior
             ... wielding a +1 bardiche
              (8 damage)
             ... on level 13 of the Dungeon.
             The game lasted 00:39:30 (12735 turns).

Htamos the Thaumaturge (Vine Stalker Fighter)      Turns: 12735, Time: 00:39:30

Health: -1/67      AC: 13    Str: 25    XL:     12   Next: 52%
Magic:  0/30       EV:  4    Int:  8    God:    Makhleb [*****.]
Gold:   374        SH:  0    Dex: 13    Spells: 38/38 levels left

rFire    . . .     SeeInvis .   D - +6 hand axe
rCold    . . .     Gourm    .   c - +0 shield
rNeg     + . .     Faith    .   x - +2 plate armour
rPois    .         Spirit   +   (no helmet)
rElec    .         Reflect  .   (no cloak)
rCorr    .         Harm     .   (no gloves)
MR       ++++.     Clarity  +   (no boots)
Stlth    ..........             F - amulet of the Four Winds {rN+ MR+++ Clar}
HPRegen  1.01/turn              t - ring of flight
MPRegen  0.22/turn              (no ring)

@: confused, very slightly contaminated
A: fangs 3, regeneration 2, magic shield, antimagic bite, no potion heal 3, rot
immunity, subdued magic 1
a: Minor Destruction, Lesser Servant of Makhleb, Major Destruction, Greater
Servant of Makhleb, Renounce Religion, Evoke Flight


You were on level 13 of the Dungeon.
You worshipped Makhleb.
Makhleb was extremely pleased with you.
You were very hungry.

You visited 3 branches of the dungeon, and saw 15 of its levels.

You collected 1012 gold pieces.
You spent 638 gold pieces at shops.

Inventory:

Hand Weapons
 a - a +0 war axe
 B - a +2 war axe
 D - a +6 hand axe (weapon)
 E - a +5 battleaxe
Armour
 b - a +0 scale mail
 c - a +0 shield (worn)
 k - a +0 chain mail
 x - a +2 plate armour (worn)
 M - a +0 troll leather armour
Jewellery
 t - a ring of flight (left hand)
 w - a +2 amulet of reflection
 A - an uncursed ring of wizardry {unknown}
 F - the amulet of the Four Winds (around neck) {rN+ MR+++ Clar}
   (You bought it in a shop on level 8 of the Dungeon)

   [amulet of nothing]

   It protects you from negative energy.
   It affects your resistance to hostile enchantments.
   It protects you against confusion.
 I - an uncursed ring of ice {unknown}
Wands
 y - a wand of digging (6)
 J - a wand of paralysis (8)
 L - a wand of enslavement (6)
 N - a wand of flame (6)
Scrolls
 e - 11 scrolls of remove curse
 g - 14 scrolls of identify
 m - 7 scrolls of amnesia
 s - a scroll of teleportation
 z - a scroll of magic mapping
 G - a scroll of fog
Potions
 d - a potion of flight {unknown}
 h - 7 potions of curing {unknown}
 l - 3 potions of mutation {unknown}
 n - a potion of brilliance {unknown}
 o - a potion of haste {unknown}
 p - 5 potions of lignification {unknown}
 r - a potion of resistance {unknown}
 u - 3 potions of magic {unknown}
 v - 4 potions of berserk rage {unknown}
 H - a potion of agility {unknown}
 O - 6 potions of degeneration {unknown}
Miscellaneous
 q - a lamp of fire (inert)
Comestibles
 f - 25 rations


   Skills:
 + Level 9.5 Fighting
 + Level 9.3 Axes
 - Level 2.4 Armour
 - Level 5.2 Shields
 * Level 13.5 Spellcasting


You had 38 spell levels left.
You didn't know any spells.
Your spell library was empty.

Dungeon Overview and Level Annotations

Branches:
Dungeon (13/15)            Temple (1/1) D:4            Lair (1/6) D:10
    Orc (0/2) D:12         Vaults (0/5) D:13

Altars:
Ashenzari
Cheibriados
Dithmenos
Elyvilon
Fedhas
Gozag
Hepliaklqana
Kikubaaqudgha
Makhleb
Nemelex Xobeh
Okawaru
Qazlal
Ru
Sif Muna
Trog
Uskayaw
Vehumet
Wu Jian
Xom
Yredelemnul
Zin
The Shining One

Shops:
D:8 :(*:!   D:11 =

Annotations:
D:3 1 runed translucent door, Crazy Yiuf
D:6 1 runed translucent door, Hylith's ghost, novice GnWr
D:13 Jorgrun


Innate Abilities, Weirdness & Mutations

You have razor-sharp teeth.
You heal very quickly.
When hurt, damage is shared between your health and your magic reserves.
Your bite disrupts and absorbs the magic of your enemies.
Potions cannot restore your health.
You are immune to rotting.
Your spells are a little easier to cast, but a little less powerful.


Message History

* * * LOW HITPOINT WARNING * * *
The tengu warrior pecks you but does no damage.
The tengu warrior claws you.
* * * LOW HITPOINT WARNING * * *
The tengu warrior hits you from afar with a +1 bardiche.
* * * LOW HITPOINT WARNING * * *
A scorpion comes into view.
Unknown command.
You bump into the rock wall.
You hit the tengu warrior but do no damage.
Your bite misses the tengu warrior. You hit the worker ant.
The tengu warrior hits you with a +0 battleaxe!
* * * LOW HITPOINT WARNING * * *
The tengu warrior pecks you.
* * * LOW HITPOINT WARNING * * *
The tengu warrior claws you but does no damage.
The worker ant bites you but does no damage.
The tengu warrior hits you from afar with a +1 bardiche!
* * * LOW MAGIC WARNING * * *
You die...

.. # ##..
#...... .
.....
##......$
##.#Z.....
#..Q...s..
##Q.......
#@aZ......
##........
###......
......
......
.....
.....


You could see 2 tengu warriors, a scorpion, a worker ant, a centaur warrior
zombie and a centaur warrior skeleton.

Vanquished Creatures
  2 two-headed ogres
  3 death yaks (D:10)
  A deep elf mage (D:12)
  An ugly thing (D:12)
  A gargoyle (D:8)
  A kobold demonologist (D:11)
  A troll (D:12)
  2 hornets
  9 slime creatures
  3 hippogriffs
  A shadow (D:11)
  A water elemental (D:12)
  2 wraiths
  12 yaks
  A wyvern (D:9)
  A steam dragon (D:10)
  3 hungry ghosts
  Edmund (D:4)
  A soldier ant (D:12)
  4 porcupines (D:10)
  Duvessa (D:7)
  3 ice beasts
  4 orc warriors
  6 ogres
  5 sky beasts
  5 centaurs
  5 bullfrogs
  4 big kobolds
  Dowan (D:7)
  11 killer bees
  4 scorpions
  21 wights
  9 howler monkeys
  4 crimson imps
  A bullfrog zombie (D:7)
  A quasit (D:8)
  2 jellies
  A gnoll shaman (D:7)
  5 hounds
  4 orc wizards
  2 orc priests
  2 bullfrog skeletons
  2 centaur skeletons
  3 iguanas
  A hell rat (D:10)
  10 worker ants
  A worker ant zombie (D:8)
  12 gnolls
  14 adders
  2 river rats (D:10)
  4 shadow imps
  2 adder zombies (D:5)
  2 worms
  2 dart slugs
  4 leopard geckos
  39 orcs
  A ball python (D:5)
  10 bats
  8 giant cockroaches
  4 hobgoblins
  15 jackals
  7 quokkas
  A ball python skeleton (D:5)
  5 frilled lizards
  8 goblins
  28 kobolds
  A leopard gecko skeleton (D:6)
  8 rats
346 creatures vanquished.

Vanquished Creatures (collateral kills)
  A gargoyle (D:8)
  Prince Ribbit (D:7)
2 creatures vanquished.

Vanquished Creatures (others)
  A kobold (D:3)
1 creature vanquished.

Grand Total: 349 creatures vanquished

Notes
Turn   | Place    | Note
-------+----------+-------------------------------------------
     0 | D:1      | Htamos the Vine Stalker Fighter began the quest for the
                  | Orb.
     0 | D:1      | Reached XP level 1. HP: 11/11 MP: 2/2
   344 | D:1      | Reached XP level 2. HP: 16/16 MP: 4/4
   389 | D:1      | Reached skill level 1 in Spellcasting
  1164 | D:2      | Reached XP level 3. HP: 19/19 MP: 6/6
  1576 | D:2      | Reached skill level 2 in Spellcasting
  1984 | D:3      | Noticed a killer bee
  1984 | D:3      | Noticed a killer bee
  1984 | D:3      | Noticed a killer bee
  1985 | D:3      | Noticed a killer bee
  2035 | D:4      | Gained mutation: Your natural rate of healing is unusually
                  | fast. [Vine Stalker growth]
  2035 | D:4      | Reached XP level 4. HP: 19/24 MP: 6/8
  2322 | D:4      | Noticed Edmund
  2330 | D:4      | Killed Edmund
  2330 | D:4      | Reached skill level 3 in Spellcasting
  2330 | D:4      | Reached XP level 5. HP: 24/28 MP: 8/11
  2330 | D:4      | Reached XP level 6. HP: 28/32 MP: 8/12
  2530 | D:4      | Found a staircase to the Ecumenical Temple.
  2696 | Temple   | Entered the Ecumenical Temple
  2743 | Temple   | Became a worshipper of Makhleb the Destroyer
  2781 | D:4      | Found a blossoming altar of Fedhas.
  2838 | D:4      | Reached skill level 4 in Spellcasting
  2920 | D:4      | Found an opulent altar of Gozag.
  2921 | D:4      | Found a glowing silver altar of Zin.
  3124 | D:5      | Entered Level 5 of the Dungeon
  3212 | D:5      | Noticed an ice beast
  3222 | D:5      | Killed an ice beast
  3222 | D:5      | Reached XP level 7. HP: 32/37 MP: 11/14
  3437 | D:5      | Reached skill level 5 in Spellcasting
  3553 | D:5      | Found an ancient bone altar of Kikubaaqudgha.
  3654 | D:5      | Found a shimmering altar of Xom.
  3668 | D:5      | Gained mutation: You have razor-sharp teeth. [Vine Stalker
                  | growth]
  3668 | D:5      | Reached XP level 8. HP: 15/42 MP: 12/17
  4143 | D:3      | Reached * piety under Makhleb
  4381 | D:3      | Found a runed translucent door.
  4382 | D:3      | Noticed Crazy Yiuf
  4541 | D:3      | Reached skill level 6 in Spellcasting
  5142 | D:6      | Found a runed translucent door.
  5142 | D:6      | Noticed Hylith's ghost (novice GnWr)
  5167 | D:6      | Reached skill level 5 in Fighting
  5292 | D:6      | Reached skill level 5 in Shields
  5406 | D:6      | Reached XP level 9. HP: 47/47 MP: 17/20
  5431 | D:6      | Reached skill level 7 in Spellcasting
  5435 | D:6      | Reached ** piety under Makhleb
  5461 | D:6      | Found a shattered altar of Ashenzari.
  5497 | D:6      | Reached skill level 5 in Axes
  6138 | D:7      | Noticed Prince Ribbit
  6252 | D:7      | Noticed Duvessa
  6252 | D:7      | Noticed Dowan
  6329 | D:6      | Reached skill level 8 in Spellcasting
  6429 | D:7      | Killed Prince Ribbit
  6504 | D:7      | Killed Dowan
  6523 | D:7      | Killed Duvessa
  7039 | D:8      | Reached *** piety under Makhleb
  7042 | D:8      | Reached skill level 9 in Spellcasting
  7073 | D:8      | Found Kapausm's Distillery.
  7084 | D:8      | Bought a potion of might for 56 gold pieces
  7084 | D:8      | Bought a potion of might for 56 gold pieces
  7109 | D:8      | Reached XP level 10. HP: 48/53 MP: 19/24
  7252 | D:8      | Found Xietom's General Store.
  7315 | D:8      | Found Xohar's Antique Weapon Emporium.
  7349 | D:8      | Bought the amulet of the Four Winds {rN+ MR+++ Clar} for
                  | 526 gold pieces
  7349 | D:8      | Found the amulet of the Four Winds {rN+ MR+++ Clar}
  7409 | D:8      | Found Zifutoan's Book Shop.
  7437 | D:8      | Found Moank's Book Shop.
  7495 | D:8      | Noticed a gargoyle
  7503 | D:8      | Killed a gargoyle
  7585 | D:8      | Noticed a gargoyle
  7599 | D:8      | Killed a gargoyle
  7687 | D:8      | Noticed a gargoyle
  7832 | D:8      | Noticed a gargoyle
  7833 | D:8      | Gained mutation: Your spells are a little easier to cast,
                  | but a little less powerful. [a neqoxec]
  7997 | D:8      | Noticed a gargoyle
  8115 | D:9      | Found a deep blue altar of Sif Muna.
  8131 | D:9      | Found a radiant altar of Vehumet.
  8132 | D:9      | Found a bloodstained altar of Trog.
  8145 | D:9      | Reached skill level 10 in Spellcasting
  8527 | D:10     | Entered Level 10 of the Dungeon
  8595 | D:10     | Noticed a death yak
  8595 | D:10     | Noticed a death yak
  8621 | D:10     | Killed a death yak
  8626 | D:10     | Killed a death yak
  8626 | D:10     | Reached skill level 11 in Spellcasting
  8626 | D:10     | Reached XP level 11. HP: 33/60 MP: 17/27
  8654 | D:10     | Noticed a death yak
  8662 | D:10     | Killed a death yak
  8754 | D:10     | Found a staircase to the Lair.
  8832 | D:10     | Reached **** piety under Makhleb
  8950 | D:10     | Noticed a two-headed ogre
  8961 | D:10     | Paralysed by a hornet for 1 turns
  9397 | D:10     | Killed a two-headed ogre
  9900 | D:11     | Noticed a two-headed ogre
 10057 | Lair:1   | Entered Level 1 of the Lair of Beasts
 10057 | Lair:1   | Noticed a seven-headed hydra
 10249 | D:11     | Reached skill level 12 in Spellcasting
 10315 | D:11     | Found Maaqus's Jewellery Emporium.
 11046 | D:12     | HP: 1/60 [very large slime creature (34)]
 11327 | D:12     | Reached ***** piety under Makhleb
 11340 | D:12     | Gained mutation: You heal very quickly. [Vine Stalker
                  | growth]
 11340 | D:12     | Reached XP level 12. HP: 58/65 MP: 23/29
 11426 | D:12     | Noticed a two-headed ogre
 11446 | D:12     | Killed a two-headed ogre
 11605 | D:12     | Reached skill level 13 in Spellcasting
 11854 | D:12     | Found a staircase to the Orcish Mines.
 12722 | D:13     | Noticed Jorgrun
 12727 | D:13     | Found a gate to the Vaults.
 12727 | D:13     | Noticed a vault guard
 12727 | D:13     | Noticed a vault guard
 12727 | D:13     | Noticed a vault guard
 12728 | D:13     | Noticed a vault guard
 12731 | D:13     | Noticed a tengu warrior
 12731 | D:13     | Noticed a tengu warrior
 12735 | D:13     | Slain by a tengu warrior

Skill      XL: |  1  2  3  4  5  6  7  8  9 10 11 12 |
---------------+-------------------------------------+-----
Spellcasting   | 1 2 3 4 5 6 9 11 12 13 | 13.5
Axes           | 2 3 4 6 7 8 9 |  9.3
Fighting       | 3 4 5 6 7 8 9 |  9.5
Shields        | 3 4 5 |  5.2
Armour         | |  2.4

Action                   |  1- 3 |  4- 6 |  7- 9 | 10-12 || total
-------------------------+-------+-------+-------+-------++-------
Melee: War axe           |    98 |   106 |   165 |       ||   369
       Bite              |    20 |    27 |    92 |   187 ||   326
       Battleaxe         |       |       |   145 |   263 ||   408
       Hand axe          |       |       |       |   242 ||   242
Invok: Lesser Servant of |       |       |       |     2 ||     2
Evoke: Wand              |       |       |    10 |    14 ||    24
       Lamp of fire      |       |       |       |     1 ||     1
  Use: Scroll            |     5 |     1 |     8 |    11 ||    25
       Potion            |       |     1 |       |     3 ||     4
 Stab: Paralysed         |       |       |       |    19 ||    19
  Eat: Chunk             |     3 |     5 |    13 |    29 ||    50
       Ration            |       |       |       |     1 ||     1
Armor: Scale mail        |    50 |    37 |    15 |       ||   102
       Chain mail        |       |       |    44 |       ||    44
       Plate armour      |       |       |   112 |   329 ||   441
Dodge: Dodged            |    39 |    25 |    86 |   155 ||   305
Block: Shield            |    52 |    65 |   102 |   100 ||   319
       Reflection        |       |       |     4 |       ||     4
       Other             |       |       |    14 |     5 ||    19
